 Dungeon Sprint DCSS version 0.21-a0-41-g5e91fef (webtiles) character file.

57 Kidiri the Magician (level 3, -4/21 HPs)
             Began as a Deep Elf Fire Elementalist on June 4, 2017.
             Slain by a worker ant (5 damage)
             ... in the Dungeon (Sprint II: "The Violet Keep of Menkaure").
             The game lasted 00:01:03 (156 turns).

Kidiri the Magician (Deep Elf Fire Elementalist)     Turns: 156, Time: 00:01:04

Health: -4/21      AC:  2    Str:  5    XL:     3   Next: 73%
Magic:  1/12       EV: 14    Int: 20    God:
Gold:   243        SH:  0    Dex: 15    Spells: 11/14 levels left

rFire    . . .     SeeInvis .   (no weapon)
rCold    . . .     Gourm    .   (no shield)
rNeg     . . .     Faith    .   a - +0 robe
rPois    .         Spirit   .   (no helmet)
rElec    .         Reflect  .   (no cloak)
rCorr    .         Harm     .   (no gloves)
MR       .....     NoTele   +   (no boots)
Stlth    ++........             (no amulet)
Regen    0.1/turn               (no ring)
MPRegen  0.2/turn               (no ring)

@: no status effects
A: no striking features
a: no special abilities


You were in the Dungeon.
You were not hungry.

You visited 1 branch You collected 243 gold pieces.

Inventory:

Armour
 a - a +0 robe (worn)
Scrolls
 i - a scroll of blinking
Potions
 e - a potion of heal wounds
 f - a potion of haste
 g - a potion of magic
 h - a potion of berserk rage
Books
 b - a book of Flames

   Spells                             Type                      Level
   a - Flame Tongue                   Conjuration/Fire             1
   b - Throw Flame                    Conjuration/Fire             2
   c - Conjure Flame                  Conjuration/Fire             3
   d - Inner Flame                    Hexes/Fire                   3
   e - Sticky Flame                   Conjuration/Fire             4
   f - Fireball                       Conjuration/Fire             5
Comestibles
 c - a bread ration
 j - 2 chunks of flesh


   Skills:
 + Level 2.0 Fighting
 + Level 1.8 Armour
 + Level 4.2 Dodging
 - Level 2.4 Stealth
 * Level 6.0 Spellcasting
 + Level 2.9 Conjurations
 + Level 4.4 Fire Magic


You had 11 spell levels left.
You knew the following spells:

 Your Spells              Type           Power        Failure   Level  Hunger
a - Flame Tongue          Conj/Fire      ###..        2%          1    None
b - Throw Flame           Conj/Fire      ###...       3%          2    None


Dungeon Overview and Level Annotations

Branches:
Dungeon (1/1)

Altars:


Message History

Press: ? - help, Shift-Dir - straight line, f/p - worker ant
Aim: a worker ant The flame tongue hits the worker ant.
The worker ant appears unharmed.
The worker ant is lightly wounded.
You feel sick. The worker ant closely misses you.
Casting: Flame Tongue
Confirm with . or Enter, or press ? or * to list all spells.
Aiming: Flame Tongue
Press: ? - help, Shift-Dir - straight line, f/p - worker ant
Aim: a worker ant The flame tongue hits the worker ant.
The worker ant is moderately wounded.
You feel sick. The worker ant bites you.
* * * LOW HITPOINT WARNING * * *
You are more poisoned.
The worker ant poisons you!
You feel better. The worker ant bites you!
* * * LOW HITPOINT WARNING * * *
The worker ant bites you.
You die...

## .# ### .##
#+# #.##..#
##.####.#..#
+.<.+.##+..#
##@##...#....#
#a###.##......≈
a#. ### ≈.....≈
.. .. ≈≈†≈..≈
### ### ≈≈§§≈.≈
≈§§≈≈≈≈ ≈§≈§≈§≈


You could see 2 worker ants.

Vanquished Creatures
  2 worker ants (D)
  3 worms (D)
5 creatures vanquished.

Vanquished Creatures (others)
  Menkaure (D)
  A crocodile (D)
2 creatures vanquished.

Grand Total: 7 creatures vanquished

Notes
Turn   | Place    | Note
-------+----------+-------------------------------------------
     0 | D        | Kidiri the Deep Elf Fire Elementalist began the quest for the Orb.
     0 | D        | Reached XP level 1. HP: 10/10 MP: 6/6
    11 | D        | Reached skill level 1 in Fighting
    11 | D        | Reached skill level 4 in Spellcasting
    34 | D        | Killed Menkaure
    45 | D        | Killed a crocodile
    74 | D        | Reached XP level 2. HP: 16/16 MP: 1/9
    78 | D        | Learned a level 2 spell: Throw Flame
   149 | D        | Reached skill level 1 in Armour
   149 | D        | Reached skill level 5 in Spellcasting
   149 | D        | Reached XP level 3. HP: 18/21 MP: 6/11
   153 | D        | Reached skill level 6 in Spellcasting
   156 | D        | HP: 1/21 [worker ant (8)]
   156 | D        | Slain by a worker ant

Vault maps used:
D:        the_violet_keep_of_menkaure

Skill      XL: |  1  2  3 |
---------------+----------+-----
Dodging        | 3 4 |  4.2
Fighting       | 1 2 |  2.0
Spellcasting   | 4 5 6 |  6.0
Armour         | 1 |  1.8
Conjurations   | 2 |  2.9
Fire Magic     | 4 |  4.4
Stealth        | |  2.4

Action                   || total
-------------------------++-------
 Cast: Flame Tongue      ||    22
  Use: Potion            ||     2
Armor: Robe              ||     1
Dodge: Dodged            ||     3
